 Dungeon Crawl Stone Soup version 0.31-a0-265-gcf7e37af1d (webtiles) character file.

Game seed: 11964449195305800833

280 qw the Shooter (level 6, -3/37 HPs)
             Began as a Gargoyle Hexslinger on July 13, 2023.
             Slain by a gnoll
             ... wielding a +0 halberd
              (8 damage)
             ... on level 4 of the Dungeon.
             The game lasted 00:01:00 (2412 turns).

qw the Shooter (Gargoyle Hexslinger)                Turns: 2412, Time: 00:01:01

Health: -3/37      AC: 13    Str: 20    XL:     6   Next: 27%
Magic:  7/7        EV: 11    Int: 14    God:
Gold:   283        SH:  0    Dex: 14    Spells: 6/7 levels left

rFire   x . .        j - +3 sling of the Eight Princes {drain, Fragile Fly rF- Str+9}
rCold   . . .        (no shield)
rNeg    + . .        i - +0 ring mail
rPois   inf          c - +0 helmet
rElec   +            (no cloak)
rCorr   .            e - +2 pair of gloves
SInv    .            (no boots)
Will    .....        (no amulet)
Stlth   +            (no ring)
HPRegen 0.26/turn    (no ring)
MPRegen 0.10/turn

%: no passive effects
@: flying
A: sickness immunity, AC +4, negative energy resistance 1, electricity
resistance, torment resistance 1, petrification resistance
a: no special abilities


You were on level 4 of the Dungeon.
You visited 1 branch of the dungeon, and saw 4 of its levels.

You collected 283 gold pieces.


Innate Abilities, Weirdness & Mutations

You are immune to sickness and miasma.
Your stone body is resilient. (AC +4)
You are immune to poison.
You resist negative energy. (rN+)
You are resistant to electric shocks. (rElec)
You are resistant to unholy torment.
You are immune to petrification.


   Skills:
 - Level 3.1 Fighting
 + Level 5.6 Ranged Weapons
 - Level 1.0 Armour
 - Level 1.5 Dodging
 - Level 1.0 Spellcasting
 - Level 2.6 Hexes


You had 6 spell levels left.
You knew the following spells:

 Your Spells              Type           Power      Damage    Failure   Level
a - Slow                  Hex            32%        N/A       14%         1

Your spell library contained the following spells:

 Spells                   Type           Power      Damage    Failure   Level
 Inner Flame              Hex/Fire       4%         N/A       58%         3
 Portal Projectile        Hex/Tloc       8%         N/A       58%         3
 Cause Fear               Hex            4%         N/A       82%         4

Inventory:

Hand Weapons
 a - a +1 sling
 j - the +3 sling of the Eight Princes (weapon) {drain, Fragile Fly rF- Str+9}
   (You found it on level 2 of the Dungeon)

   Str:       It affects your strength (+9).
   rF:        It makes you vulnerable to fire.
   Fly:       It grants you flight.
   Fragile:   It will be destroyed if unequipped.
Armour
 c - a +0 helmet (worn)
 e - a +2 pair of gloves (worn)
 i - a +0 ring mail (worn)
Scrolls
 b - a scroll of brand weapon
 h - a scroll of identify
Potions
 d - a potion of magic {unknown}
 g - a potion of curing

Dungeon Overview and Level Annotations

Branches:
Dungeon (4/15)
 Temple: D:4-7

Altars:
Fedhas

Shops:
D:2 (

Annotations:
D:4 Natasha


Message History

The gnoll closely misses you. The orc wizard closely misses you.
Natasha claws you but does no damage.
You shoot a sling bullet. The sling bullet hits the orc wizard.
The orc wizard is almost dead.
The gnoll misses you.
The orc wizard hits you but does no damage.
Natasha howls an incantation.
Natasha's front paws start to glow.
Natasha mumbles some strange words.
You shoot a sling bullet.
The sling bullet barely misses the orc wizard.
The sling bullet barely misses the hobgoblin.
The sling bullet hits the orc priest but does no damage.
The orc wizard hits you but does no damage.
The gnoll hits you from afar with a +0 halberd.
Natasha stares at you and mumbles some strange words.
The magic dart hits you. The cerulean imp barely misses you.
You shoot a sling bullet.
The sling bullet hits the orc wizard but does no damage.
You drain the orc wizard.
You kill the orc wizard!
The gnoll closely misses you. Natasha casts a spell at you.
You resist with some effort.
The cerulean imp hits you with a +2 spear.
You shoot a sling bullet.
The sling bullet barely misses the cerulean imp.
The gnoll hits you from afar with a +0 halberd.
The hobgoblin barely misses you. Natasha casts a spell at you.
The magic dart hits you.
The cerulean imp hits you but does no damage.
You shoot a sling bullet.
The sling bullet hits the cerulean imp but does no damage.
The hobgoblin closely misses you.
The gnoll hits you from afar with a +0 halberd.
Natasha casts a spell.
The cerulean imp hits you but does no damage.
The gnoll hits you from afar with a +0 halberd!
You die...

.## ....
....g####
#....g.#
#h#######
#@55...=#
#g#####.#
#o# ..#
#$# #.#
#.# #..


You could see an orc priest, Natasha, a gnoll, 2 cerulean imps and a hobgoblin.

Vanquished Creatures
  A jelly (D:3)
  An orc priest (D:3)
  2 orc wizards (D:4)
  Robin (D:3)
  3 gnolls (D:3)
  4 adders
  2 worms (D:2)
  9 orcs
  7 endoplasms
  6 giant cockroaches
  11 goblins (D:3)
  4 hobgoblins
  8 jackals
  2 quokkas
  8 ball pythons
  A frilled lizard (D:1)
  4 kobolds
  3 rats
77 creatures vanquished.

Notes
Turn   | Place    | Note
-------+----------+-------------------------------------------
     0 | D:1      | qw the Gargoyle Hexslinger began the quest for the Orb.
     0 | D:1      | Reached XP level 1. HP: 12/12 MP: 2/2
     0 | D:1      | 0 ||| qw: Version: 0.3-a-52-g30416fa
     0 | D:1      | 0 ||| qw: Game counter: 7572
     0 | D:1      | 0 ||| qw: Melee chars always use a shield: true
     0 | D:1      | 0 ||| qw: God list: Okawaru
     0 | D:1      | 0 ||| qw: Allow faded altars: false
     0 | D:1      | 0 ||| qw: Do Orc after clearing Dungeon:15 true
     0 | D:1      | 0 ||| qw: Do second Lair branch before Depths: true
     0 | D:1      | 0 ||| qw: Lair rune preference: random
     0 | D:1      | 0 ||| qw: Goals: Normal
     0 | D:1      | 0 ||| PLANNING D:1-11
     3 | D:1      | 3 ||| DROPPING scroll of poison.
   172 | D:1      | Reached XP level 2. HP: 16/16 MP: 3/3
   447 | D:1      | 447 ||| DROPPING +6 ring of intelligence.
   448 | D:1      | 448 ||| READING scroll labelled OFERIJ NAS.
   449 | D:1      | 449 ||| READING scroll labelled YMAAF ZUASHO.
   450 | D:1      | 450 ||| READING scroll labelled WOSHIU LUTINENNA.
   451 | D:1      | 451 ||| READING scroll labelled QUOWETT PICVE.
   484 | D:2      | HP: 4/16 [adder (2)]
   487 | D:2      | Reached skill level 3 in Ranged Weapons
   610 | D:2      | Reached XP level 3. HP: 18/20 MP: 4/4
   834 | D:2      | Found Kistialy's Weapon Shop.
   843 | D:2      | 843 ||| SHOPLISTING +2 orcbow of draining (183 gold, have
                  | 157).
   862 | D:2      | Identified the +3 sling of the Eight Princes {drain,
                  | Fragile Fly rF- Str+9}
   864 | D:2      | 864 ||| SWAPPING to +3 sling of the Eight Princes {drain,
                  | Fragile Fly rF- Str+9}.
  1084 | D:2      | Found a faded altar of an unknown god.
  1341 | D:2      | 1341 ||| UPGRADING to +0 pair of gloves.
  1346 | D:2      | 1346 ||| UPGRADING to +0 ring mail.
  1356 | D:2      | 1356 ||| DROPPING +0 robe.
  1357 | D:2      | 1357 ||| READING 2 scrolls labelled TIHEECKATSE.
  1358 | D:2      | 1358 ||| READING scroll labelled KOXOIC POFUPH.
  1359 | D:2      | 1359 ||| READING scroll labelled XOSATS QIDACOU.
  1362 | D:2      | 1362 ||| DRINKING 2 fuming blue potions.
  1420 | D:3      | Reached XP level 4. HP: 26/26 MP: 5/5
  1434 | D:3      | Noticed Robin
  1439 | D:3      | Reached skill level 4 in Ranged Weapons
  1443 | D:3      | Killed Robin
  1444 | D:3      | Reached skill level 1 in Armour
  1446 | D:3      | HP: 6/26 [goblin/+0 club[Robin] (3)]
  1447 | D:3      | 1447 ||| DRINKING potion of heal wounds.
  1611 | D:3      | Found a blossoming altar of Fedhas.
  1904 | D:3      | Reached XP level 5. HP: 30/30 MP: 6/6
  2014 | D:3      | Reached skill level 5 in Ranged Weapons
  2210 | D:3      | 2210 ||| UPGRADING to +0 helmet.
  2215 | D:3      | 2215 ||| READING scroll labelled AROCUSICAV.
  2216 | D:3      | 2216 ||| READING 3 scrolls labelled UGORCH QIEWO.
  2217 | D:3      | 2217 ||| READING 2 scrolls of enchant armour.
  2217 | D:3      | 2217 ||| ENCHANTING +0 pair of gloves.
  2218 | D:3      | 2218 ||| READING scroll of enchant armour.
  2218 | D:3      | 2218 ||| ENCHANTING +1 pair of gloves.
  2219 | D:3      | 2219 ||| DRINKING 2 metallic coppery potions.
  2276 | D:4      | Noticed Natasha
  2277 | D:4      | 2277 ||| STAIRDANCE
  2355 | D:4      | 2355 ||| STAIRDANCE
  2357 | D:3      | HP: 4/31 [gnoll/+0 club (5)]
  2358 | D:3      | Reached skill level 3 in Fighting
  2358 | D:3      | 2358 ||| DRINKING potion of heal wounds.
  2366 | D:3      | Reached XP level 6. HP: 31/37 MP: 7/7
  2401 | D:4      | 2401 ||| Stepping ~*~*~tactically~*~*~ (outnumbered).
  2411 | D:4      | HP: 8/37 [gnoll/+0 halberd (3)]
  2412 | D:4      | Slain by a gnoll

Levels and vault maps discovered:
D:1:      lightli_arrival_boilingwater, layout_rooms, kennysheep_doodads,
          nicolae_concentric_dashed_squares_wild, hex_intersection
D:2:      layout_loops_ring, serial_shops, shop,
          shapermc_ecumenical_altar_flowoftime, minmay_misc_feat_pillars
D:3:      minmay_razor_zed, layout_basic, fedhas_altar_2, uniq_robin
D:4:      layout_loops_ring, mainiacjoe_overflow_tiny_flanked,
          nicolae_shop_clearance, uniq_natasha

Skill      XL: |  1  2  3  4  5 |
---------------+----------------+-----
Ranged Weapons | 3 4 5 |  5.6
Fighting       | 2 3 |  3.1
Armour         | 1 |  1.0
Dodging        | |  1.5
Spellcasting   | |  1.0
Hexes          | |  2.6

Action                     |  1- 3 |  4- 6 || total
---------------------------+-------+-------++-------
   Fire: Sling             |   114 |   105 ||   219
    Use: Scroll            |     7 |     4 ||    11
         Potion            |     1 |     3 ||     4
 Armour: Robe              |    19 |       ||    19
         Ring mail         |       |    56 ||    56
  Dodge: Dodged            |    34 |    68 ||   102

Table legend:
 A = Non-vault XP
 B = Vault XP
 C = Vault XP percentage of total XP
 D = Non-vault monster count
 E = Vault monster count
 F = Vault count percentage of total count
                 A         B        C        D         E       F
            +---------+---------+-------+---------+---------+-------
      Total |     267 |     134 |  33.4 |      54 |      23 |  29.9
            +---------+---------+-------+---------+---------+-------
        D:1 |      18 |       0 |   0.0 |      10 |       0 |   0.0
        D:2 |      47 |       0 |   0.0 |      17 |       0 |   0.0
        D:3 |     122 |     134 |  52.3 |      22 |      23 |  51.1
        D:4 |      80 |       0 |   0.0 |       5 |       0 |   0.0
            +---------+---------+-------+---------+---------+-------
